 Dungeon Crawl Stone Soup version 0.31-a0-14-gc80a10f4b6 (webtiles) character file.

Game seed: 12951264514591172887

3866 Morbidden the Covered (level 10, -11/114 HPs)
             Began as a Barachi Fighter on May 8, 2023.
             Was a Believer of Cheibriados.
             Mangled by a death yak (12 damage)
             ... on level 8 of the Dungeon.
             The game lasted 00:12:44 (7162 turns).

Morbidden the Covered (Barachi Fighter)             Turns: 7162, Time: 00:12:44

Health: -11/114    AC: 29    Str: 21    XL:     10   Next: 19%
Magic:  15/15      EV:  2    Int: 18    God:    Cheibriados [**....]
Gold:   1110       SH: 10    Dex: 15    Spells: 14/16 levels left

rFire   . . .        a - +5 broad axe (heavy)
rCold   . . .        v - +0 kite shield
rNeg    . . .        w - melded +5 plate armour "Giskyhub" {Int+4 Dex-2 Stlth+}
rPois   +            (helmet currently unavailable)
rElec   .            p - melded -1 cloak of Repulsion {Will+ Str+3 Stlth-}
rCorr   .            (gloves currently unavailable)
SInv    .            J - melded +2 pair of boots
Will    .....        (no amulet)
Stlth   ++           D - +5 ring of evasion
HPRegen 0.39/turn    y - +4 ring of protection
MPRegen 0.14/turn

%: no passive effects
@: tree-form, unable to hop, studying Conjurations, very slow
A: stationary, stasis, torment immunity, boosted hp, (amphibious), (slowness 1),
(strong legs 1), +LOS
a: Renounce Religion, Bend Time


You were on level 8 of the Dungeon.
You worshipped Cheibriados.
Cheibriados was pleased with you.
You were a tree.
You visited 2 branches of the dungeon, and saw 9 of its levels.
You also visited: Ossuary.

You collected 1164 gold pieces.
You spent 54 gold pieces at shops.

Inventory:

Hand Weapons
 a - a +5 heavy broad axe (weapon)
 b - a +2 dagger of venom
 h - a +0 flail
 K - a +0 scimitar of flaming
Missiles
 A - 12 poisoned darts (quivered)
 E - a throwing net
Armour
 p - the -1 cloak of Repulsion (melded) {Will+ Str+3 Stlth-}
   (You found it on level 4 of the Dungeon)

   Str:       It affects your strength (+3).
   Will:      It increases your willpower.
   Stlth:     It makes you less stealthy.
 v - a +0 kite shield (worn)
 w - the +5 plate armour "Giskyhub" (melded) {Int+4 Dex-2 Stlth+}
   (You took it off an orc on level 4 of the Dungeon)

   Int:       It affects your intelligence (+4).
   Dex:       It affects your dexterity (-2).
   Stlth:     It makes you more stealthy.
 J - a +2 pair of boots (melded)
Jewellery
 m - a ring of protection from fire
 q - the ring "Beylait" {Fire MP+9}
   (You found it on level 2 of the Dungeon)

   [ring of fire]

   It enhances your fire magic.
   rF:        It protects you from fire.
   rC:        It makes you vulnerable to cold.
   MP:        It affects your magic capacity (+9).
 r - a ring of protection from cold
 y - a +4 ring of protection (right branch)
 D - a +5 ring of evasion (left branch)
Wands
 c - a wand of roots (22)
Scrolls
 e - a scroll of blinking {unknown}
 g - 9 scrolls of identify
 l - 2 scrolls of enchant armour
 n - 4 scrolls of fog
 u - a scroll of fear {unknown}
 B - a scroll of vulnerability
 I - a scroll of enchant weapon {unknown}
Potions
 d - 2 potions of might
 f - 3 potions of lignification
 i - 2 potions of heal wounds {unknown}
 j - 4 potions of curing
 k - 3 potions of berserk rage {unknown}
 s - 2 potions of magic {unknown}
 t - 2 potions of mutation {unknown}
 x - 2 potions of resistance {unknown}
 z - 2 potions of invisibility {unknown}
 C - 2 potions of haste {unknown}
 F - 3 potions of brilliance {unknown}
 G - a potion of cancellation {unknown}
 H - a potion of experience {unknown}


   Skills:
 * Level 6.2 Fighting
 + Level 3.3 Short Blades
 * Level 6.9 Axes
 + Level 0.2 Throwing
 * Level 7.4 Armour
 * Level 3.7 Dodging
 + Level 0.4 Stealth
 * Level 6.6 Shields
 * Level 3.9 Spellcasting
 * Level 5.0 Conjurations
 * Level 3.9 Air Magic
 * Level 2.3 Invocations
 * Level 3.1 Evocations


You had 14 spell levels left.
You knew the following spells:

 Your Spells              Type           Power      Damage    Failure   Level
a - Static Discharge      Conj/Air       38%        2-4/arc   8%          2

Your spell library contained the following spells:

 Spells                   Type           Power      Damage    Failure   Level
 Freeze                   Ice            12%        1d3       32%         1
 Hailstorm                Conj/Ice       12%        3d5       32%         3
 Airstrike                Air            8%         2d(2-18)  52%         4
 Frozen Ramparts          Ice            6%         1d1       67%         3
 Ignite Poison            Fire/Tmut/Pois 3%         N/A       67%         3
 Sticky Flame             Conj/Fire      12%        2d4       73%         4
 Summon Lightning Spire   Summ/Air       10%        N/A       80%         4
 Ignition                 Fire           1%         3d3       100%        8


Dungeon Overview and Level Annotations

Branches:
Dungeon (8/15)             Temple (1/1) D:5            Lair (0/5) D:8
Ossuary (visited)

Altars:
Ashenzari
Cheibriados
Elyvilon
Fedhas
Gozag
Kikubaaqudgha
Makhleb
Nemelex Xobeh
Qazlal
Ru
Sif Muna
Trog
Uskayaw
Vehumet
Wu Jian
Xom
Yredelemnul
Zin
The Shining One

Shops:
D:1 [   D:5 (

Annotations:
D:3 1 runed translucent door, DogOnAStick's ghost, weakling MfGl


Innate Abilities, Weirdness & Mutations

You are a tree.
Your roots penetrate the ground, keeping you stationary.
You cannot be teleported.
You are immune to unholy pain and torment.
Your maximum health is greatly increased.
Your equipment is partially melded.
((You are amphibious.))
((You cover ground slowly.))
((You can hop short distances.))
You have an extended range of vision and can be seen from far away.


Message History

The death yak looks as sick as possible!
The death yak gores you!
* * * LOW HITPOINT WARNING * * *
The death yak is engulfed in poison gas.
The death yak looks even sicker.
The death yak gores you but does no damage.
The death yak is engulfed in poison gas.
The death yak looks even sicker.
The death yak gores you!
* * * LOW HITPOINT WARNING * * *
The death yak looks as sick as possible!
The death yak gores you.
* * * LOW HITPOINT WARNING * * *
Unknown command.
Unknown command.
Unknown command.
Unknown command.
It was a potion of lignification.
You turn into a tree.
The -1 cloak of Repulsion {Will+ Str+3 Stlth-} melds into your body.
Your +2 pair of boots melds into your body.
The +5 plate armour "Giskyhub" {Int+4 Dex-2 Stlth+} melds into your body.
Your roots penetrate the ground.
The death yak is engulfed in poison gas.
The death yak looks as sick as possible!
The death yak gores you but does no damage.
The death yak is engulfed in poison gas.
The death yak looks as sick as possible!
The death yak gores you.
* * * LOW HITPOINT WARNING * * *
Unknown command.
Unknown command.
Unknown command.
You feel better.
The death yak is engulfed in poison gas.
The death yak looks as sick as possible!
The death yak gores you!
* * * LOW HITPOINT WARNING * * *
The death yak is engulfed in poison gas.
The death yak looks as sick as possible!
The death yak gores you!
You die...

####### #§♣§§○##
#§YY§☼§# #.....
#§§##§## #.....
#r##.##
#.....###r##.#
#..=..#.o##.###
#.....#oo##.).#
###....o#.○##÷☼.#
.....ooo#§§##÷..#


You could see 2 death yaks, a hell rat, 2 orcs and a quokka.

Vanquished Creatures
  Erica (D:8)
  A death yak (D:8)
  Prince Ribbit (D:7)
  Sigmund (D:5)
  A wraith (D:6)
  A wyvern (D:5)
  Eustachio (D:4)
  Duvessa (D:5)
  An acid dragon (D:6)
  A black bear (D:7)
  4 ogres
  3 phantoms
  Blork the orc (D:6)
  A kobold brigand (D:7)
  A scorpion (D:6)
  Dowan (D:5)
  2 centaur zombies (Ossuary)
  2 jellies
  2 orc priests
  A gnoll bouda (D:5)
  5 iguanas
  2 sleepcaps
  3 orc wizards
  5 mummies (Ossuary)
  6 adders
  4 gnolls
  2 white imps (D:6)
  2 ufetubi
  2 worms
  6 dart slugs
  32 orcs
  7 ball pythons
  11 endoplasms
  5 giant cockroaches
  3 goblins
  7 hobgoblins
  9 jackals
  11 kobolds
  4 quokkas
  3 bats
  3 frilled lizards (D:1)
  5 hobgoblin zombies (Ossuary)
  3 rats
168 creatures vanquished.

Vanquished Creatures (others)
  A fungus (D:3)
1 creature vanquished.

Grand Total: 169 creatures vanquished

Notes
Turn   | Place    | Note
-------+----------+-------------------------------------------
     0 | D:1      | Morbidden the Barachi Fighter began the quest for the Orb.
     0 | D:1      | Reached XP level 1. HP: 18/18 MP: 1/1
    12 | D:1      | Found Raempai's Armour Shop.
   103 | D:1      | Reached XP level 2. HP: 19/25 MP: 2/2
   255 | D:1      | Reached skill level 4 in Armour
   429 | D:1      | Reached XP level 3. HP: 28/30 MP: 3/3
   592 | D:1      | Learned a level 2 spell: Static Discharge
   962 | D:2      | Reached XP level 4. HP: 37/37 MP: 4/4
  1151 | D:2      | Identified the ring "Beylait" {Fire MP+9}
  1548 | D:2      | Found a faded altar of an unknown god.
  1703 | D:3      | Reached skill level 1 in Spellcasting
  1872 | D:3      | Found a runed translucent door.
  1880 | D:3      | Noticed DogOnAStick's ghost (weakling MfGl)
  1903 | D:3      | Reached XP level 5. HP: 35/43 MP: 7/7
  1932 | D:3      | Found a radiant altar of Vehumet.
  2011 | D:1      | Bought a +0 kite shield for 54 gold pieces
  2061 | D:3      | Reached skill level 1 in Air Magic
  2156 | D:3      | Reached skill level 1 in Conjurations
  2650 | D:4      | Noticed Eustachio
  2667 | D:4      | Killed Eustachio
  2668 | D:4      | Reached skill level 1 in Short Blades
  2668 | D:4      | Reached skill level 5 in Armour
  2668 | D:4      | Reached skill level 1 in Dodging
  2668 | D:4      | Reached XP level 6. HP: 20/49 MP: 8/8
  2994 | D:4      | Identified the +5 plate armour "Giskyhub" {Int+4 Dex-2
                  | Stlth+}
  3173 | D:4      | Reached XP level 7. HP: 49/55 MP: 10/10
  3174 | D:4      | Identified the -1 cloak of Repulsion {Will+ Str+3 Stlth-}
  3299 | D:4      | Found a bloodstained altar of Trog.
  3939 | D:5      | Entered Level 5 of the Dungeon
  3942 | D:5      | Noticed Dowan
  3944 | D:5      | Noticed Duvessa
  3972 | D:5      | Killed Duvessa
  3979 | D:5      | Killed Dowan
  4044 | D:5      | Noticed a wyvern
  4054 | D:5      | Killed a wyvern
  4055 | D:5      | Reached skill level 5 in Fighting
  4106 | D:5      | Reached XP level 8. HP: 50/62 MP: 11/11
  4178 | D:5      | Reached skill level 6 in Armour
  4178 | D:5      | Reached skill level 5 in Shields
  4193 | D:5      | Found a staircase to the Ecumenical Temple.
  4281 | Temple   | Entered the Ecumenical Temple
  4415 | Temple   | Became a worshipper of Cheibriados the Contemplative
  4496 | D:5      | Reached skill level 1 in Evocations
  4890 | D:5      | Found Haoklov's Weapon Shop.
  4957 | D:5      | Noticed Sigmund
  4976 | D:5      | Killed Sigmund
  5299 | D:6      | Identified 2 scrolls of acquirement
  5300 | D:6      | Acquired a +5 heavy broad axe
  5303 | D:6      | Acquired 782 gold pieces
  5412 | D:6      | Found a sand-covered staircase.
  5424 | Ossuary  | Entered an ossuary
  5455 | Ossuary  | Reached * piety under Cheibriados
  5464 | Ossuary  | Reached skill level 1 in Invocations
  5663 | D:6      | Found a sacrificial altar of Ru.
  5707 | D:6      | Reached XP level 9. HP: 68/68 MP: 13/13
  5743 | D:6      | Noticed Blork the orc
  5750 | D:6      | Killed Blork the orc
  5804 | D:6      | Reached skill level 5 in Axes
  6504 | D:7      | Acquired a manual of Conjurations
  6549 | D:7      | Noticed Prince Ribbit
  6565 | D:7      | Killed Prince Ribbit
  6565 | D:7      | Reached ** piety under Cheibriados
  6957 | D:8      | Noticed Erica
  6964 | D:8      | Killed Erica
  6965 | D:8      | Reached skill level 7 in Armour
  6966 | D:8      | Noticed a death yak
  6975 | D:8      | Noticed a death yak
  6977 | D:8      | Noticed a death yak
  7091 | D:8      | Reached XP level 10. HP: 76/76 MP: 15/15
  7114 | D:8      | Found a staircase to the Lair.
  7154 | D:8      | Killed a death yak
  7155 | D:8      | Reached skill level 5 in Conjurations
  7162 | D:8      | HP: 1/114 [death yak (16)]
  7162 | D:8      | Mangled by a death yak

Illustrated notes

Levels and vault maps discovered:
D:1:      dpeg_arrival_round_a, layout_rooms, serial_shops,
          nicolae_shop_crystal, minmay_pentomino_u4
D:2:      layout_basic, hellmonk_ecumenical_altar_prayer_group,
          nicolae_elevator_lobby_plus
D:3:      layout_loops_ring, mainiacjoe_overflow_cross_hatched,
          hellmonk_ghost_happy_afterlife
D:4:      minmay_inner_zag, layout_cave_pods, lightli_temple_of_fire,
          uniq_eustachio
D:5:      layout_basic, minmay_temple_entry_antechambers, serial_shops, shop,
          uniq_sigmund, uniq_duvessa
D:6:      layout_gridville, nicolae_ru_the_path_less_chosen, enter_ossuary_1,
          uniq_blork_the_orc
D:7:      layout_basic, uniq_prince_ribbit1
D:8:      layout_basic, grunt_dithmenos_smoke_and_mirrors, dpeg_lair_monsters,
          nicolae_wand_duel, grunt_ogre_cave, hex_medium, uniq_erica
Temple:   lightli_temple_of_artemis

Skill      XL: |  1  2  3  4  5  6  7  8  9 10 |
---------------+-------------------------------+-----
Fighting       | 4 5 6 |  6.2
Armour         | 4 5 6 7 |  7.4
Axes           | 3 4 6 |  6.9
Spellcasting   | 1 2 3 |  3.9
Air Magic      | 1 2 3 |  3.9
Conjurations   | 1 2 3 4 5 |  5.0
Short Blades   | 1 2 3 |  3.3
Dodging        | 1 2 3 |  3.7
Shields        | 4 5 6 |  6.6
Evocations     | 1 3 |  3.1
Invocations    | 1 2 |  2.3
Throwing       | |  0.2
Stealth        | |  0.4

Action                     |  1- 3 |  4- 6 |  7- 9 | 10-12 || total
---------------------------+-------+-------+-------+-------++-------
  Melee: War axe           |   118 |    10 |    11 |       ||   139
         Dagger            |       |   164 |   211 |    29 ||   404
         Broad axe         |       |       |   112 |     3 ||   115
  Throw: Dart              |       |       |     9 |       ||     9
Ability: Hop               |       |     1 |     1 |     1 ||     3
  Evoke: Wand              |       |       |       |     3 ||     3
    Use: Potion            |       |     1 |       |     2 ||     3
         Scroll            |       |       |    11 |     1 ||    12
 Armour: Scale mail        |    60 |    74 |       |       ||   134
         Plate armour      |       |     9 |   228 |    16 ||   253
         Skin              |       |       |       |     1 ||     1
  Dodge: Dodged            |    61 |    67 |   119 |     7 ||   254
  Block: Buckler           |    28 |     8 |       |       ||    36
         Kite shield       |       |    64 |   166 |    14 ||   244

Table legend: (Time is in decaauts)
 A = Elapsed time spent in this place.
 B = Non-inter-level travel time spent in this place.
 C = Inter-level travel time spent in this place.
 D = Time resting spent in this place.
 E = Time spent auto-exploring this place.
 F = Levels seen in this place.
 G = Mean time per level.
                   A        B        C        D        E       F      G
               +--------+--------+--------+--------+--------+-----+--------+
         Total |   8984 |   8528 |    456 |     89 |   6519 |  10 |  898.4 |
       Dungeon |   8623 |   8191 |    432 |     89 |   6276 |   8 | 1077.9 |
        Temple |    176 |    153 |     23 |      0 |    139 |   1 |  176.0 |
       Ossuary |    183 |    183 |      0 |      0 |    103 |   1 |  183.0 |
               +--------+--------+--------+--------+--------+-----+--------+

Top non-repeatable levels by time:
     D:4: 1533 daAuts
     D:5: 1513 daAuts
     D:6: 1246 daAuts
     D:2: 1183 daAuts
     D:7: 1033 daAuts
     D:3: 1016 daAuts
     D:1: 840 daAuts
     D:8: 256 daAuts
 Ossuary: 183 daAuts
  Temple: 176 daAuts
